 Dungeon Crawl Stone Soup version 0.17-a0-131-ga9cda9c (webtiles) character file.

79 xeno23 the Chiller (level 4, -4/33 HPs)
             Began as a Merfolk Ice Elementalist on Mar 24, 2015.
             Slain by Sigmund
             ... wielding a +0 scythe
              (12 damage)
             ... on level 2 of the Dungeon.
             The game lasted 00:13:39 (2298 turns).

xeno23 the Chiller (Merfolk Ice Elementalist)       Turns: 2298, Time: 00:13:39

Health: -4/33      AC:  6    Str:  8    XL:     4   Next: 38%
Magic:  1/8        EV: 13    Int: 15    God:
Gold:   143        SH:  0    Dex: 14    Spells: 3 memorised, 2 levels left

rFire  . . .     SeeInvis .     w - +0 long sword
rCold  . . .     Clarity  .     x - +1 animal skin
rNeg   . . .     SustAb   .     (no shield)
rPois  +         Gourm    .     y - +1 helmet
rElec  .         Spirit   .     (no cloak)
rCorr  .         Warding  .     (no gloves)
rMut   .         Stasis   .     i - +0 pair of boots
MR     .....                    (no amulet)
Stlth  +.........               (no ring)
                                s - ring of poison resistance

@: confused, drained, not resistant to hostile enchantments, very unstealthy
A: change form in water, swift swim
a: no special abilities


You were on level 2 of the Dungeon.
You were hungry.

You visited 1 branch of the dungeon, and saw 3 of its levels.

You collected 143 gold pieces.

Inventory:

Hand weapons
 w - a +0 long sword (weapon)
 z - a +2 mace of draining
Missiles
 d - 40 stones
 u - 3 tomahawks (quivered)
Armour
 i - a +0 pair of boots (worn)
 x - a +1 animal skin (worn)
 y - a +1 helmet (worn)
Jewellery
 s - a ring of poison resistance (left hand)
Scrolls
 g - a scroll of noise {unknown}
 j - 3 scrolls of teleportation {unknown}
 l - a scroll of remove curse {unknown}
 m - 6 scrolls of identify {unknown}
 n - a scroll of enchant armour {unknown}
 p - a scroll of amnesia {unknown}
 r - a scroll of fog {unknown}
 t - a scroll of enchant weapon {unknown}
Potions
 e - 5 potions of heal wounds {unknown}
 k - 2 potions of restore abilities {unknown}
 o - a potion of curing {unknown}
 v - a potion of brilliance {unknown}
 A - a potion of ambrosia {unknown}
Books
 b - a book of Frost

   Spells                             Type                      Level
   a - Freeze                         Ice                          1
   b - Throw Frost                    Conjuration/Ice              2
   c - Ozocubu's Armour               Charms/Ice                   3
   d - Throw Icicle                   Conjuration/Ice              4
   e - Summon Ice Beast               Ice/Summoning                4
   f - Condensation Shield            Ice                          4
Comestibles
 c - 3 bread rations
 f - 2 chunks of flesh
 h - a meat ration
 q - a beef jerky


   Skills:
 * Level 1.8(1.7) Fighting
 + Level 3.2 Dodging
 - Level 2.2 Stealth
 * Level 2.8 Spellcasting
 + Level 0.7 Conjurations
 * Level 1.0 Charms
 + Level 3.8 Ice Magic


You had 2 spell levels left.
You knew the following spells:

 Your Spells              Type           Power        Failure   Level  Hunger
a - Freeze                Ice            ##..         4%          1    #......
b - Ozocubu's Armour      Chrm/Ice       #.......     24%         3    ###....
q - Throw Frost           Conj/Ice       #.....       14%         2    ##.....


Dungeon Overview and Level Annotations

Branches:
Dungeon (3/15)

Altars:
Cheibriados
Dithmenos

Annotations:
D:2 Sigmund


Message History

You hear some strange, mumbled words.
You are confused.
You're too confused to move!
Your icy armour starts to melt.
You hear some strange, mumbled words.
You are more confused.
A puff of flame appears from out of thin air!
The puff of flame hits you! The heat melts your icy armour.
You bump into the rock wall.
Something hits you. Something hits you.
Your icy armour evaporates.
Something hits you!
* * * LOW HITPOINT WARNING * * *
You're too confused to cast spells.
Unknown command.
You're too confused to cast spells.
You're too confused to move!
Something hits you but does no damage.
You swing at nothing.
Something hits you!
You die...

######## ..##...######
.[##._......#
..##........#
..####......#############
.........................
................@#######.
..####.........#{.# ..#
#.........##.# .# ###
#.........# ..# ##.## #
#.........###.# #... ....
#.............# #..# ..#
#.............# #..# ...
########............ #..#
#.##
....................###..#
#.#.


There were no monsters in sight!

Vanquished Creatures
  Robin (D:3)
  2 adders (D:2)
  2 oozes (D:2)
  2 orcs (D:3)
  2 giant cockroaches (D:1)
  18 goblins
  4 hobgoblins
  A ball python (D:3)
  4 bats
  A giant newt (D:1)
  2 kobolds
  5 rats
44 creatures vanquished.

Notes
Turn   | Place    | Note
--------------------------------------------------------------
     0 | D:1      | xeno23, the Merfolk Ice Elementalist, began the quest for the Orb.
     0 | D:1      | Reached XP level 1. HP: 13/13 MP: 3/3
   417 | D:1      | Reached XP level 2. HP: 17/19 MP: 0/4
   422 | D:1      | Learned a level 2 spell: Throw Frost
   912 | D:2      | Found a shadowy altar of Dithmenos.
   982 | D:2      | Noticed Sigmund
  1048 | D:3      | Reached skill level 1 in Fighting
  1180 | D:3      | Reached XP level 3. HP: 24/26 MP: 3/6
  1185 | D:3      | Noticed Robin
  1501 | D:3      | Learned a level 3 spell: Ozocubu's Armour
  1982 | D:3      | Killed Robin
  2141 | D:2      | Reached XP level 4. HP: 33/33 MP: 8/8
  2182 | D:2      | Reached skill level 1 in Charms
  2216 | D:2      | Found a snail-covered altar of Cheibriados.
  2298 | D:2      | Slain by Sigmund

Action                   |  1- 3 |  4- 6 || total
-------------------------+-------+-------++-------
Melee: Unarmed           |    32 |       ||    32
       Mace              |    17 |       ||    17
       Long sword        |    23 |    23 ||    46
Throw: Stone             |     1 |       ||     1
 Cast: Freeze            |    33 |     8 ||    41
       Throw Frost       |     1 |     1 ||     2
       Ozocubu's Armour  |     1 |     1 ||     2
 Stab: Sleeping          |     4 |       ||     4
  Eat: Chunk             |     5 |       ||     5
